[Event "Titled Tuesday Blitz February 28 Late 2023"]
[White "Sielecki, Christof"]
[Black "Yoo, Christopher Woojin"]
[WhiteFideId "4620437"]
[BlackFideId "30909694"]
[WhiteElo "2443"]
[BlackElo "2519"]
[Result "0-1"]
[Round "02"]
[TimeControl "180+2"]
[Date "2023.02.28"]
[WhiteClock "0:00:01"]
[BlackClock "0:00:03"]

1. e4 c5 2. Nf3 d6 3. Bb5+ Nd7 4. c3 Nf6 5. Qe2 e5 6. d4 a6 7. dxe5 dxe5 8. Bxd7+ Nxd7 9. O-O Be7 10. Rd1 Qc7 11. c4 Nb6 12. Nc3 O-O 13. b3 Bg4 14. h3 Bh5 15. Nd5 Nxd5 16. Rxd5 f6 17. Be3 Bf7 18. Rd2 Qc6 19. Qd3 Rfd8 20. Qc2 Bg6 21. Rxd8+ Rxd8 22. Nd2 Qd7 23. f3 f5 24. exf5 Bxf5 25. Ne4 Qd3 26. Qxd3 Rxd3 27. Kf2 Bxe4 28. fxe4 b5 29. Ke2 bxc4 30. Rd1 Rc3 31. Rd5 Rc2+ 32. Kf3 c3 33. Bxc5 Bf6 34. Bb4 Rc1 35. Rc5 c2 36. Bd2 Rf1+ 37. Ke2 Rg1 38. Kf2 Rh1 39. Rxc2 Bh4+ 40. Kf3 Rf1+ 41. Ke2 Rf2+ 42. Kd3 Rxg2 43. Be3 Rg3 44. Rc8+ Kf7 45. Rc7+ Kg6 46. Rc6+ Kh5 47. Ke2 Rxh3 48. Rc5 Kg4 49. Rxe5 Rh2+ 50. Kd3 Rxa2 51. Rf5 g5 52. Rf7 h5 53. e5 Ra5 54. Ke4 Bg3 55. Bd4 Bxe5 56. Bxe5 Rb5 57. Rf1 Rb4+ 58. Kd5 Rxb3 59. Rg1+ Kh4 60. Rh1+ Rh3 61. Rg1 Rf3 62. Rh1+ Kg4 63. Rg1+ Kf5 64. Bd4 h4 65. Bc5 g4 66. Be7 h3 67. Bd6 Rd3+ 68. Kc5 a5 69. Rf1+ Ke6 70. Bf4 Rf3 71. Re1+ Kf5 72. Bd6 g3 73. Re5+ Kg4 74. Re4+ Kg5 75. Re5+ Kf6 76. Rh5 g2 0-1


[Site "https://www.chess.com"]

[Event "Titled Tuesday Blitz February 28 Late 2023"]
[White "Sarana, Alexey"]
[Black "Dobrikov, Marco"]
[WhiteFideId "24133795"]
[BlackFideId "12950378"]
[WhiteElo "2717"]
[BlackElo "2140"]
[Result "1-0"]
[Round "02"]
[TimeControl "180+2"]
[Date "2023.02.28"]
[WhiteClock "0:02:46"]
[BlackClock "0:02:09"]

1. c4 e6 2. Nc3 Nf6 3. d4 Bb4 4. e3 O-O 5. Bd3 b6 6. e4 Bb7 7. Bg5 h6 8. h4 Be7 9. e5 Ne8 10. Qh5 Bxg5 11. hxg5 Qxg5 12. Qxg5 hxg5 13. Bh7+ Kh8 14. Be4+ 1-0


[Site "https://www.chess.com"]

[Event "Titled Tuesday Blitz February 28 Late 2023"]
[White "Paszewski, Mateusz"]
[Black "Alekseenko, Kirill"]
[WhiteFideId "1141058"]
[BlackFideId "4135539"]
[WhiteElo "2223"]
[BlackElo "2683"]
[Result "0-1"]
[Round "02"]
[TimeControl "180+2"]
[Date "2023.02.28"]
[WhiteClock "0:01:00"]
[BlackClock "0:01:20"]

1. d4 d5 2. c4 dxc4 3. e3 e5 4. Bxc4 Nc6 5. Nf3 e4 6. Nfd2 Qg5 7. Kf1 Nf6 8. Nc3 Qg6 9. Nd5 Nxd5 10. Bxd5 f5 11. f3 exf3 12. Qxf3 Bd7 13. a3 O-O-O 14. b4 f4 15. exf4 Nxd4 16. Bxb7+ Kb8 17. Qe4 Bf5 18. Qe5 Kxb7 19. Bb2 Nc2 20. Qb5+ Qb6 21. Qxf5 Ne3+ 0-1


[Site "https://www.chess.com"]

[Event "Titled Tuesday Blitz February 28 Late 2023"]
[White "Fiorito, Joaquin"]
[Black "Bortnyk, Mykola"]
[WhiteFideId "180173"]
[BlackFideId "14120836"]
[WhiteElo "2157"]
[BlackElo "2582"]
[Result "1-0"]
[Round "02"]
[TimeControl "180+2"]
[Date "2023.02.28"]
[WhiteClock "0:00:14"]
[BlackClock "0:00:57"]

1. d4 g6 2. e4 Bg7 3. Nc3 a6 4. f4 b5 5. Nf3 Bb7 6. Bd3 d6 7. O-O c5 8. dxc5 dxc5 9. e5 f5 10. Be3 c4 11. Be2 Nc6 12. Ng5 Qxd1 13. Raxd1 Nd8 14. a4 Bc6 15. Nd5 Bxd5 16. Rxd5 h6 17. Nf3 e6 18. Rdd1 Ne7 19. Nd4 Nd5 20. Bc1 Bf8 21. Nxe6 Nxe6 22. Rxd5 Bc5+ 23. Kh1 Ke7 24. Bf3 Rad8 25. Rfd1 Nd4 26. Be3 Rxd5 27. Bxd5 Ne6 28. Bxc5+ Nxc5 29. axb5 axb5 30. g3 g5 31. Kg2 Rd8 32. Bf3 Ne6 33. Rxd8 Kxd8 34. Bd5 Nd4 35. c3 Nc2 36. Kf2 Ke7 37. Ke2 Kd7 38. Bf7 g4 39. Bg6 Ke6 40. Be8 b4 41. Bb5 bxc3 42. Bxc4+ Ke7 43. bxc3 Na3 44. Bd3 Ke6 45. Kd2 h5 46. Kc1 Kd5 47. Kb2 h4 48. Kxa3 hxg3 49. hxg3 1-0


[Site "https://www.chess.com"]

[Event "Titled Tuesday Blitz February 28 Late 2023"]
[White "Makarian, Rudik"]
[Black "Sebag, Marie"]
[WhiteFideId "44105681"]
[BlackFideId "617822"]
[WhiteElo "2419"]
[BlackElo "2440"]
[Result "1-0"]
[Round "02"]
[TimeControl "180+2"]
[Date "2023.02.28"]
[WhiteClock "0:00:16"]
[BlackClock "0:00:04"]

1. d4 d5 2. c4 e6 3. Nf3 a6 4. c5 b6 5. cxb6 cxb6 6. Nc3 Nc6 7. Bf4 Nf6 8. e3 Bd6 9. Bd3 O-O 10. O-O Bb7 11. Rc1 Rc8 12. Qe2 b5 13. a3 h6 14. h3 Bxf4 15. exf4 Qb6 16. Qe3 Rfd8 17. Rfe1 Re8 18. g4 Ne7 19. Ne5 Red8 20. Rcd1 b4 21. Na4 Qa7 22. Nxf7 Re8 23. Qxe6 Ne4 24. Nd6+ Kh8 25. Nxe8 Rxe8 26. Nc5 Bc6 27. Nxe4 dxe4 28. Bxe4 Bd7 29. Qf7 bxa3 30. bxa3 Ba4 31. d5 Qd7 32. Bf5 Qd6 33. Re6 Qxf4 34. Rde1 1-0


[Site "https://www.chess.com"]

[Event "Titled Tuesday Blitz February 28 Late 2023"]
[White "Kalogeris, Ioannis"]
[Black "Sjugirov, Sanan"]
[WhiteFideId "4239563"]
[BlackFideId "4189302"]
[WhiteElo "2312"]
[BlackElo "2569"]
[Result "0-1"]
[Round "02"]
[TimeControl "180+2"]
[Date "2023.02.28"]
[WhiteClock "0:01:13"]
[BlackClock "0:00:12"]

1. e4 d6 2. d4 Nf6 3. Nc3 e5 4. Nf3 Nbd7 5. Bc4 Be7 6. O-O O-O 7. h3 c6 8. a4 a5 9. Re1 h6 10. Be3 exd4 11. Nxd4 Nc5 12. Qf3 Nfd7 13. Nf5 Ne5 14. Qe2 Bxf5 15. exf5 Nxc4 16. Qxc4 d5 17. Qg4 Nd7 18. Bxh6 Bf6 19. Bf4 Qb6 20. Rab1 Rfe8 21. Rxe8+ Rxe8 22. Bd2 Ne5 23. Qf4 Nc4 24. b3 Nxd2 25. Qxd2 Qb4 26. Re1 Rxe1+ 27. Qxe1 Qxc3 28. Qe8+ Kh7 29. Qxf7 Qe1+ 30. Kh2 Be5+ 31. g3 Qxf2+ 32. Kh1 Qf3+ 33. Kg1 Bd4+ 0-1


[Site "https://www.chess.com"]

[Event "Titled Tuesday Blitz February 28 Late 2023"]
[White "Durarbayli, Vasif"]
[Black "Aldokhin, Ivan"]
[WhiteFideId "13402935"]
[BlackFideId "24115720"]
[WhiteElo "2543"]
[BlackElo "2322"]
[Result "1/2-1/2"]
[Round "02"]
[TimeControl "180+2"]
[Date "2023.02.28"]
[WhiteClock "0:00:08"]
[BlackClock "0:00:05"]

1. e4 c5 2. Nf3 e6 3. d4 cxd4 4. Nxd4 a6 5. c4 Qc7 6. Nc3 Nf6 7. Be2 d6 8. O-O Be7 9. Be3 Nbd7 10. f3 b6 11. Qd2 Bb7 12. Rfc1 Rc8 13. a4 O-O 14. a5 Rfd8 15. Na4 bxa5 16. Nb3 Qb8 17. Nxa5 Ba8 18. Qe1 Nc5 19. b4 Nxa4 20. Rxa4 d5 21. cxd5 Rxc1 22. Qxc1 exd5 23. exd5 Nxd5 24. Bc5 Bf6 25. Bf1 Be5 26. h3 Nc3 27. Ra3 Bh2+ 28. Kh1 Rd1 29. Rxc3 Rxc1 30. Rxc1 Bf4 31. Rd1 h5 32. Bxa6 Bg5 33. Nc4 Bxf3 34. gxf3 Qg3 35. Rd3 Qe1+ 36. Bg1 Qf1 37. Nd2 Qxh3+ 38. Bh2 Bf4 39. Rd8+ Kh7 40. Nf1 Qxf3+ 41. Kg1 Qg4+ 42. Kh1 Bxh2 43. Bd3+ g6 44. Nxh2 Qd1+ 45. Nf1 Qf3+ 46. Kg1 Qg4+ 47. Kf2 Qh4+ 48. Ke2 Qxd8 49. b5 Qe7+ 50. Ne3 h4 51. Kf3 h3 52. Ng4 Qd6 53. Be2 Qd5+ 54. Kg3 Qd6+ 55. Kxh3 f5 56. Nh2 Qa3+ 57. Bf3 Qb4 58. Bc6 Qc3+ 59. Kg2 Kg7 60. Nf3 g5 61. Nxg5 Qd2+ 62. Kf3 Qxg5 63. b6 f4 64. b7 Qg3+ 65. Ke4 Qe3+ 66. Kf5 Qc5+ 67. Kxf4 Qd6+ 68. Ke3 Kf6 69. Be4 Qc7 70. Kd4 Qb6+ 71. Kc4 Ke5 72. Bh1 Qd4+ 73. Kb5 Qb2+ 74. Kc6 Qc3+ 75. Kd7 Qd2+ 76. Kc8 Qc3+ 77. Kd7 Qb4 78. Bc6 Qb6 79. Bh1 Kd4 80. Kc8 Qc5+ 81. Kd7 Qb6 82. Kc8 Qe6+ 83. Kc7 Qe7+ 84. Kc8 Qe8+ 85. Kc7 Qe7+ 86. Kc8 Qc5+ 87. Kd7 Qb5+ 88. Kc7 Qa5+ 89. Kc8 Qa6 90. Kc7 Qa7 91. Kc8 Qc5+ 1/2-1/2


[Site "https://www.chess.com"]

[Event "Titled Tuesday Blitz February 28 Late 2023"]
[White "Risteski, Emil"]
[Black "Kamsky, Gata"]
[WhiteFideId "15005267"]
[BlackFideId "2000024"]
[WhiteElo "2251"]
[BlackElo "2666"]
[Result "0-1"]
[Round "02"]
[TimeControl "180+2"]
[Date "2023.02.28"]
[WhiteClock "0:02:14"]
[BlackClock "0:01:43"]

1. Nf3 Nf6 2. g3 g6 3. Bg2 Bg7 4. O-O O-O 5. Nc3 d5 6. d3 c6 7. e4 dxe4 8. dxe4 Qxd1 9. Rxd1 Nfd7 10. a4 a5 11. Be3 Na6 12. Nd2 Nb4 13. Rdc1 b6 14. Nc4 Rb8 15. Bh3 Ne5 16. Nxb6 Bxh3 0-1


[Site "https://www.chess.com"]

[Event "Titled Tuesday Blitz February 28 Late 2023"]
[White "Van Foreest, Jorden"]
[Black "Saveliev, Alexei"]
[WhiteFideId "1039784"]
[BlackFideId "24128546"]
[WhiteElo "2633"]
[BlackElo "2271"]
[Result "1-0"]
[Round "02"]
[TimeControl "180+2"]
[Date "2023.02.28"]
[WhiteClock "0:01:10"]
[BlackClock "0:00:33"]

1. d4 g6 2. e4 Bg7 3. Nc3 d6 4. Be3 Nc6 5. h3 e5 6. Nf3 f5 7. Bb5 exd4 8. Bxd4 Nf6 9. e5 dxe5 10. Bxe5 O-O 11. Qxd8 Rxd8 12. Bxc6 bxc6 13. O-O Ne4 14. Bxg7 Kxg7 15. Rfe1 Nxc3 16. bxc3 Kf6 17. Re5 Be6 18. Ra5 Bd5 19. Nd4 g5 20. Re1 Re8 21. Rd1 Rad8 22. Rxa7 c5 23. Ra6+ Kf7 24. Nxf5 Bc4 25. Rxd8 Rxd8 26. Ra7 Rd1+ 27. Kh2 Rd2 28. Rxc7+ Kf6 29. Rxc5 Bxa2 30. Ne3 h5 31. Kg3 Bb1 32. Rd5 Rxd5 33. Nxd5+ Ke5 34. Ne3 Ke4 35. c4 Ba2 36. c5 Be6 37. h4 g4 38. c6 Bc8 39. c7 Ke5 40. c4 Kd6 41. Nd5 Be6 42. Kf4 Kc5 43. Ne7 1-0


[Site "https://www.chess.com"]

[Event "Titled Tuesday Blitz February 28 Late 2023"]
[White "Klose, Eli"]
[Black "Abdrlauf, Elham"]
[WhiteFideId "16242955"]
[BlackFideId "1533533"]
[WhiteElo "2591"]
[BlackElo "2476"]
[Result "0-1"]
[Round "02"]
[TimeControl "180+2"]
[Date "2023.02.28"]
[WhiteClock "0:00:08"]
[BlackClock "0:00:46"]

1. e4 c6 2. Nc3 d5 3. g3 dxe4 4. Nxe4 Nf6 5. Bg2 Nxe4 6. Bxe4 Nd7 7. Ne2 Nf6 8. Bg2 e5 9. d4 exd4 10. Qxd4 Qxd4 11. Nxd4 Bc5 12. Nb3 Be7 13. O-O O-O 14. Bf4 Be6 15. Rfe1 Rfe8 16. c3 Bd5 17. Na5 Bxg2 18. Kxg2 Nd5 19. Nxb7 Nxf4+ 20. gxf4 g6 21. Na5 c5 22. Nc4 Kf8 23. Rad1 Red8 24. Kf3 Rab8 25. Rxd8+ Bxd8 26. Rd1 Ke8 27. Rd5 Be7 28. f5 Rc8 29. fxg6 hxg6 30. Nd6+ Bxd6 31. Rxd6 c4 32. Ke4 Rb8 33. Rd2 Ke7 34. Re2 Rd8 35. b3 f5+ 36. Ke5 Kf7 37. Rc2 Rc8 38. Kd5 cxb3 39. axb3 Ke7 40. c4 Rb8 41. Rc3 Kd7 42. c5 Rh8 43. h3 Rh5 44. Rg3 f4+ 45. Ke4 fxg3 0-1


[Site "https://www.chess.com"]

[Event "Titled Tuesday Blitz February 28 Late 2023"]
[White "Rustemov, Alexander"]
[Black "Colas, Joshua"]
[WhiteFideId "4119002"]
[BlackFideId "2044447"]
[WhiteElo "2911"]
[BlackElo "2347"]
[Result "1-0"]
[Round "02"]
[TimeControl "180+2"]
[Date "2023.02.28"]
[WhiteClock "0:00:05"]
[BlackClock "0:00:05"]

1. d4 Nf6 2. c4 e6 3. Nf3 d5 4. Nc3 a6 5. cxd5 exd5 6. Bg5 Be6 7. e3 Nbd7 8. Bd3 Bd6 9. Qc2 c6 10. Bf4 Qb8 11. Bxd6 Qxd6 12. h3 O-O 13. O-O Rfc8 14. Rfc1 c5 15. dxc5 Nxc5 16. Qd1 b5 17. Bf1 Qb6 18. Ne2 Nce4 19. Nfd4 h6 20. Nf4 Bd7 21. Nf3 Be6 22. Qd4 Qa5 23. a3 Rab8 24. Qb4 Qxb4 25. axb4 Rxc1 26. Rxc1 Rc8 27. Rxc8+ Bxc8 28. Nd4 Bb7 29. f3 Nd6 30. Nd3 Nd7 31. Kf2 Kf8 32. Nc5 Bc8 33. Bd3 Nc4 34. b3 Nce5 35. Be2 g6 36. h4 h5 37. Kg3 Ke7 38. Kf4 f6 39. Bd1 Nf8 40. Bc2 Kd6 41. Kg3 f5 42. Nd3 Nxd3 43. Bxd3 Nd7 44. Kf4 Ne5 45. Be2 Nf7 46. Bd3 Bd7 47. Bc2 Ke7 48. g4 fxg4 49. fxg4 Bxg4 50. Bxg6 Nd6 51. Ke5 Bd1 52. Kxd5 Nc8 53. Kc6 Kf6 54. Bd3 Ne7+ 55. Kc5 Ke5 56. Nc6+ Nxc6 57. Kxc6 Bxb3 58. Kb6 Bc4 59. Bc2 a5 60. Kxa5 Kd5 61. Kb6 Ke5 62. Bd1 Ke4 63. Bxh5 Kxe3 64. Be8 Kd4 65. Bxb5 Bf7 66. Ka5 Ke4 67. Be2 Ke3 68. Bd1 Kf4 69. b5 Bd5 70. b6 Ke5 71. h5 Kf6 72. Kb4 Kg5 73. Kc5 Bb7 74. Kd6 Kh6 75. Kc7 Bd5 76. Ba4 Bc4 77. b7 Kxh5 78. b8=Q 1-0


[Site "https://www.chess.com"]

[Event "Titled Tuesday Blitz February 28 Late 2023"]
[White "Gubajdullin, Alexei"]
[Black "Sanal, Vahap"]
[WhiteFideId "4141202"]
[BlackFideId "6300545"]
[WhiteElo "2285"]
[BlackElo "2605"]
[Result "1-0"]
[Round "02"]
[TimeControl "180+2"]
[Date "2023.02.28"]
[WhiteClock "0:00:32"]
[BlackClock "0:00:16"]

1. d4 d5 2. Nf3 Nf6 3. Bf4 Bf5 4. e3 e6 5. c4 Bxb1 6. Qxb1 Bb4+ 7. Kd1 Bd6 8. Bxd6 Qxd6 9. Bd3 c5 10. dxc5 Qxc5 11. cxd5 Qxd5 12. Ke2 O-O 13. Rd1 Qh5 14. b4 Nc6 15. Qb2 Rfd8 16. b5 Ne7 17. Qe5 Qg4 18. Rac1 Rd5 19. Qb2 Rad8 20. Rc4 Qh5 21. Rh4 Qxh4 22. Nxh4 a6 23. Bc2 axb5 24. Rxd5 Nexd5 25. Nf3 b4 26. Ke1 h6 27. Ne5 Rc8 28. Bb3 Nc3 29. Nd3 Nce4 30. Nxb4 Nc5 31. Bc2 Rd8 32. Ke2 Ncd7 33. Qd4 Rc8 34. g4 Nd5 35. Nxd5 Rxc2+ 36. Kd1 Rxf2 37. Ne7+ Kh7 38. Qxd7 1-0


[Site "https://www.chess.com"]

[Event "Titled Tuesday Blitz February 28 Late 2023"]
[White "Svane, Frederik"]
[Black "Manelyuk, Daniil"]
[WhiteFideId "12923044"]
[BlackFideId "44173920"]
[WhiteElo "2502"]
[BlackElo "2259"]
[Result "1-0"]
[Round "02"]
[TimeControl "180+2"]
[Date "2023.02.28"]
[WhiteClock "0:01:01"]
[BlackClock "0:00:06"]

1. c4 c5 2. g3 Nc6 3. Bg2 g6 4. d3 Bg7 5. Nc3 e5 6. e3 Nge7 7. Nge2 O-O 8. O-O d6 9. a3 a5 10. Rb1 Be6 11. Nd5 Bxd5 12. cxd5 Nb8 13. Nc3 Nd7 14. b4 cxb4 15. axb4 axb4 16. Rxb4 Rc8 17. Bd2 Nc5 18. d4 exd4 19. exd4 Na6 20. Rxb7 Nf5 21. Bh3 Qf6 22. Ne4 Qxd4 23. Bxf5 gxf5 24. Nxd6 Qxd5 25. Bg5 Rc5 26. Be7 Rb8 27. Rxb8+ Nxb8 28. Nxf7 Qxd1 29. Rxd1 Rc7 30. Ng5 Rxe7 31. Rd8+ Bf8 32. Rxb8 f4 33. gxf4 h6 34. Nf3 Rf7 35. Ne5 Rxf4 36. Nd7 Kg7 37. Rxf8 Rxf8 38. Nxf8 Kxf8 39. Kg2 Kf7 40. Kg3 Kg6 41. Kg4 Kf6 42. h4 Kg6 43. Kf4 Kh5 44. Ke5 Kg6 45. Ke6 Kg7 46. f4 Kg6 47. f5+ Kg7 48. Ke7 h5 49. f6+ Kg8 50. f7+ Kh7 51. f8=Q Kg6 52. Qf6+ Kh7 53. Qg5 Kh8 54. Kf7 Kh7 55. Qg7# 1-0


[Site "https://www.chess.com"]

[Event "Titled Tuesday Blitz February 28 Late 2023"]
[White "Swiercz, Dariusz"]
[Black "Postma, Dinant"]
[WhiteFideId "1126881"]
[BlackFideId "1018612"]
[WhiteElo "2627"]
[BlackElo "2580"]
[Result "1-0"]
[Round "02"]
[TimeControl "180+2"]
[Date "2023.02.28"]
[WhiteClock "0:00:32"]
[BlackClock "0:00:01"]

1. d4 d5 2. c4 e6 3. Nf3 c5 4. e3 Nf6 5. cxd5 exd5 6. Bb5+ Nc6 7. O-O Bd6 8. dxc5 Bxc5 9. b3 O-O 10. Bb2 Bg4 11. Bxc6 bxc6 12. Nbd2 Bd6 13. Qc2 Rc8 14. Ng5 g6 15. h3 Bf5 16. Qc3 Be7 17. e4 Be6 18. Rad1 Qb6 19. Qe5 Qb8 20. Rfe1 Qxe5 21. Bxe5 Nd7 22. Nxe6 fxe6 23. exd5 exd5 24. Bd4 Bc5 25. Nf3 Rfe8 26. Rxe8+ Rxe8 27. Bxc5 Nxc5 28. Rc1 Nd3 29. Rxc6 Re2 30. Rc8+ Kg7 31. Rc7+ Kf6 32. Rxa7 Nxf2 33. Ra6+ Kg7 34. Nd4 Rd2 35. Ne6+ Kf7 36. Ng5+ Kg8 37. Ra8+ Kg7 38. Ra7+ Kg8 39. Rd7 d4 40. Nf3 Rxa2 41. Rxd4 Kg7 42. b4 Rb2 43. b5 Kf7 44. b6 1-0


[Site "https://www.chess.com"]

[Event "Titled Tuesday Blitz February 28 Late 2023"]
[White "Krallis, Christos"]
[Black "Rasulov, Vugar"]
[WhiteFideId "4298896"]
[BlackFideId "13402390"]
[WhiteElo "2243"]
[BlackElo "2509"]
[Result "0-1"]
[Round "02"]
[TimeControl "180+2"]
[Date "2023.02.28"]
[WhiteClock "0:00:03"]
[BlackClock "0:00:15"]

1. Nf3 Nf6 2. b3 g6 3. Bb2 Bg7 4. g3 d6 5. Bg2 O-O 6. O-O e5 7. c4 Nc6 8. d3 Ng4 9. Nc3 f5 10. Qd2 Kh8 11. h3 Nh6 12. Nd5 Nf7 13. e3 Be6 14. Rac1 a5 15. Ne1 g5 16. f4 gxf4 17. exf4 Nd4 18. Nc2 c6 19. Nde3 a4 20. Nxd4 exd4 21. Nc2 c5 22. b4 Rb8 23. Rce1 Qd7 24. Na3 b6 25. Re2 d5 26. Rfe1 dxc4 27. Nxc4 Bxc4 28. dxc4 Rfe8 29. Bd5 Nd6 30. bxc5 bxc5 31. Ba3 Ne4 32. Qd3 Rg8 33. Kh2 Rge8 34. Bxe4 fxe4 35. Rxe4 Rxe4 36. Rxe4 h6 37. Bxc5 Rb2+ 38. Re2 Qb7 39. Rxb2 Qxb2+ 40. Kg1 Qa1+ 41. Kf2 Qxa2+ 42. Kf3 Qb3 43. Ke4 Qb7+ 44. Kf5 Qd7+ 45. Ke4 Qc6+ 46. Kf5 Qxc5+ 47. Kg4 a3 48. Qe2 Qc8+ 49. f5 d3 50. Qxd3 a2 51. Qa3 a1=Q 52. Qxa1 Bxa1 0-1


[Site "https://www.chess.com"]

[Event "Titled Tuesday Blitz February 28 Late 2023"]
[White "Chigaev, Maksim"]
[Black "Atanasov, Anthony"]
[WhiteFideId "4108116"]
[BlackFideId "2623897"]
[WhiteElo "2547"]
[BlackElo "2070"]
[Result "1-0"]
[Round "02"]
[TimeControl "180+2"]
[Date "2023.02.28"]
[WhiteClock "0:00:35"]
[BlackClock "0:00:02"]

1. Nf3 d5 2. c4 d4 3. b4 c5 4. g3 a5 5. bxc5 Nc6 6. Bg2 e5 7. d3 Bxc5 8. O-O Nge7 9. a4 O-O 10. Na3 h6 11. Nb5 f5 12. Ba3 Bxa3 13. Rxa3 Be6 14. Ra1 Qb6 15. Rb1 Qd8 16. c5 Nd5 17. Qc1 Qf6 18. Nd2 Ncb4 19. Qb2 e4 20. Nxd4 exd3 21. Nxe6 dxe2 22. Nxf8 exf1=Q+ 23. Nxf1 Qxb2 24. Rxb2 Kxf8 25. Bxd5 Nxd5 26. Rxb7 Nc3 27. c6 Rc8 28. c7 Ke7 29. Ne3 Kd7 30. Ra7 f4 31. Nf5 Rxc7 32. Rxa5 g6 33. Nd4 Rc4 34. Nf3 fxg3 35. Ne5+ 1-0


[Site "https://www.chess.com"]

[Event "Titled Tuesday Blitz February 28 Late 2023"]
[White "Yurovskykh, Oleksandr"]
[Black "Livaic, Leon"]
[WhiteFideId "14134020"]
[BlackFideId "14531534"]
[WhiteElo "2268"]
[BlackElo "2509"]
[Result "0-1"]
[Round "02"]
[TimeControl "180+2"]
[Date "2023.02.28"]
[WhiteClock "0:00:15"]
[BlackClock "0:00:36"]

1. d4 f5 2. Nc3 Nf6 3. Bg5 d5 4. e3 e6 5. Nf3 Bd6 6. Bd3 O-O 7. O-O c6 8. Ne2 Nbd7 9. c4 Qe7 10. Qc2 h6 11. Bf4 g5 12. Bxd6 Qxd6 13. Rab1 Ne4 14. Nd2 Ndf6 15. Nb3 Ng4 16. g3 b6 17. h3 Ngf6 18. Kg2 Bb7 19. f3 Qe7 20. Ng1 Nd6 21. c5 Nf7 22. f4 Ne4 23. Nf3 Kh8 24. Kh2 Rg8 25. Rg1 Rg6 26. Ne5 Nxe5 27. fxe5 Rag8 28. Nd2 h5 29. Nxe4 dxe4 30. Be2 Rh6 31. b4 b5 32. a4 a6 33. Ra1 Bc8 34. axb5 cxb5 35. c6 Qxb4 36. Rac1 Rh7 37. Qc5 Qd2 38. Rg2 Qxe3 39. c7 h4 40. gxh4 Rxh4 41. Rc3 Rxh3# 0-1


[Site "https://www.chess.com"]

[Event "Titled Tuesday Blitz February 28 Late 2023"]
[White "Indjic, Aleksandar"]
[Black "Schekachikhin, Maksim"]
[WhiteFideId "911925"]
[BlackFideId "24177830"]
[WhiteElo "2625"]
[BlackElo "2272"]
[Result "1-0"]
[Round "02"]
[TimeControl "180+2"]
[Date "2023.02.28"]
[WhiteClock "0:01:06"]
[BlackClock "0:00:06"]

1. d4 d5 2. c4 c6 3. Nf3 Nf6 4. Qc2 dxc4 5. e4 b5 6. b3 cxb3 7. axb3 e6 8. Bd3 Bb7 9. O-O Be7 10. Nc3 a6 11. e5 Nd5 12. Nxd5 cxd5 13. h4 h6 14. Be3 Nc6 15. g3 Nb4 16. Qd2 Nxd3 17. Qxd3 O-O 18. Qd2 a5 19. Kg2 Bb4 20. Qe2 Qd7 21. Nh2 Rfc8 22. Ng4 h5 23. Nh2 g6 24. g4 Qd8 25. Bg5 Be7 26. Qe3 Bxg5 27. hxg5 h4 28. Nf3 h3+ 29. Kxh3 b4 30. Kg2 Rc3 31. Qf4 Ba6 32. Rh1 Bd3 33. Nd2 Rc2 34. Rh7 Ra7 35. Rah1 Rxd2 36. Rh8+ 1-0


[Site "https://www.chess.com"]

[Event "Titled Tuesday Blitz February 28 Late 2023"]
[White "Nefedov, Sergey"]
[Black "Dardha, Daniel"]
[WhiteFideId "24113417"]
[BlackFideId "240990"]
[WhiteElo "2227"]
[BlackElo "2581"]
[Result "0-1"]
[Round "02"]
[TimeControl "180+2"]
[Date "2023.02.28"]
[WhiteClock "0:00:02"]
[BlackClock "0:01:10"]

1. d4 d5 2. Nf3 Nf6 3. Bf4 Bf5 4. e3 e6 5. c4 Bb4+ 6. Nc3 O-O 7. Qb3 c5 8. dxc5 Nc6 9. a3 Bxc3+ 10. Qxc3 Ne4 11. Qc1 Nxc5 12. Nd2 e5 13. Bg3 d4 14. b4 Nd3+ 15. Bxd3 Bxd3 16. e4 f5 17. exf5 e4 18. c5 Qd5 19. Qb2 Rfe8 20. Qb3 Rad8 21. Qxd5+ Rxd5 22. O-O-O a5 23. Rhe1 axb4 24. axb4 Nxb4 25. Nb3 Ra8 26. Rd2 Ra3 27. Rb2 Bc4 28. Nd2 Nd3+ 29. Kb1 Nxb2 30. Kxb2 Ra2+ 31. Kc1 Rxc5 32. Nxc4 Ra1+ 33. Kd2 Rxe1 34. Kxe1 Rxc4 35. Be5 b5 0-1


[Site "https://www.chess.com"]

[Event "Titled Tuesday Blitz February 28 Late 2023"]
[White "Hansen, Eric"]
[Black "Gascon Del Nogal, Jose Rafael"]
[WhiteFideId "2606771"]
[BlackFideId "3902463"]
[WhiteElo "2569"]
[BlackElo "2473"]
[Result "1-0"]
[Round "02"]
[TimeControl "180+2"]
[Date "2023.02.28"]
[WhiteClock "0:00:02"]
[BlackClock "0:00:01"]

1. e4 c5 2. Nf3 d6 3. Bc4 e6 4. O-O Nf6 5. d3 Nc6 6. a3 Be7 7. Nc3 O-O 8. Ba2 Nd7 9. Be3 Nde5 10. Nd2 Nd4 11. f4 Nec6 12. Ne2 Nxe2+ 13. Qxe2 d5 14. Nf3 b6 15. Rad1 Ba6 16. Qf2 dxe4 17. dxe4 Qc7 18. Rfe1 Rfd8 19. f5 exf5 20. Bd5 f4 21. Bc1 Bb7 22. c4 Bf6 23. Kh1 Nd4 24. e5 Bxd5 25. cxd5 Nxf3 26. exf6 Nxe1 27. Bxf4 Qc8 28. Qg3 g6 29. d6 Qf5 30. Rxe1 Re8 31. Rd1 Re4 32. Bh6 Rae8 33. h3 Qd7 34. Kh2 Re2 35. Rd3 R8e6 36. Qf3 R2e5 37. Bf4 Rf5 38. Qa8+ Re8 39. Qf3 Rxf6 40. Qg3 Rf5 41. Bg5 f6 42. Bd2 Kf7 43. b4 c4 44. Rd4 b5 45. a4 Rfe5 46. axb5 R8e6 47. Bc3 Rxd6 48. Rf4 Rd3 49. Rxf6+ Kxf6 50. Qxe5+ Kf7 51. Qf4+ Qf5 52. Qxc4+ Qd5 53. Qc7+ Qd7 54. Qf4+ Qf5 55. Qc4+ Qd5 56. Qf4+ Ke8 57. Be5 Rd1 58. Qe3 Qd3 59. Qxa7 Qf1 60. Qb8+ Kf7 61. Qc7+ Ke6 62. Bc3 Qg1+ 63. Kg3 Rd3+ 64. Kh4 Qf2+ 65. g3 Qf6+ 66. Bxf6 1-0


[Site "https://www.chess.com"]

[Event "Titled Tuesday Blitz February 28 Late 2023"]
[White "Ismagilov, Damir"]
[Black "Norowitz, Yaacov"]
[WhiteFideId "34199982"]
[BlackFideId "2024799"]
[WhiteElo "2078"]
[BlackElo "2401"]
[Result "1/2-1/2"]
[Round "02"]
[TimeControl "180+2"]
[Date "2023.02.28"]
[WhiteClock "0:00:18"]
[BlackClock "0:00:13"]

1. e4 c6 2. d4 d5 3. e5 Bf5 4. c4 e6 5. Nc3 Ne7 6. h3 Bg6 7. Nf3 Nd7 8. cxd5 Nxd5 9. Nxd5 cxd5 10. Bd3 Qa5+ 11. Bd2 Bb4 12. a3 Bxd2+ 13. Qxd2 Qxd2+ 14. Kxd2 Ke7 15. Bxg6 hxg6 16. Rac1 Rac8 17. b3 f6 18. Rhe1 g5 19. Re3 Rxc1 20. Kxc1 Nb8 21. Kd2 Nc6 22. b4 a6 23. Kd3 Rc8 24. Re2 Kd7 25. Rc2 Ra8 26. Re2 b5 27. Rb2 a5 28. bxa5 Rxa5 29. Rb3 Kc7 30. g3 Kb6 31. exf6 gxf6 32. h4 g4 33. Ne1 Ra4 34. Nc2 e5 35. Nb4 Nxb4+ 36. axb4 Ra1 37. dxe5 fxe5 38. Rc3 e4+ 39. Ke3 Re1+ 40. Kd2 Rb1 41. Rc5 d4 42. Re5 Rb2+ 43. Kd1 Rxb4 44. Rxe4 Kc5 45. Rxg4 Kc4 46. Kc2 Ra4 47. Rg8 Ra2+ 48. Kd1 Rxf2 49. h5 Kd3 50. Ke1 Rh2 51. g4 b4 52. Rb8 Kc3 53. Rc8+ Kd3 54. Rb8 Ke3 55. Re8+ Kf3 56. Rd8 Ke4 57. Re8+ Kd3 58. Rb8 1/2-1/2


[Site "https://www.chess.com"]

[Event "Titled Tuesday Blitz February 28 Late 2023"]
[White "Zhigalko, Sergei"]
[Black "Cilek, Bora"]
[WhiteFideId "13502956"]
[BlackFideId "34502165"]
[WhiteElo "2626"]
[BlackElo "2108"]
[Result "1-0"]
[Round "02"]
[TimeControl "180+2"]
[Date "2023.02.28"]
[WhiteClock "0:02:44"]
[BlackClock "0:02:14"]

1. e4 c5 2. Nf3 Nc6 3. c3 Nf6 4. e5 Nd5 5. Bc4 Nb6 6. Bb3 c4 7. Bc2 d5 8. exd6 Qxd6 9. O-O Bg4 10. Re1 e6 11. b3 cxb3 12. axb3 Be7 13. Na3 O-O 14. Nc4 Nxc4 15. bxc4 e5 16. Be4 f5 17. Ba3 Qd7 18. Bxc6 bxc6 19. Nxe5 Bxd1 20. Nxd7 Bxa3 21. Nxf8 Bxf8 1-0


[Site "https://www.chess.com"]